General information
- name: BNet
- type: Ladder 1vs1/FFA
- host: Battle.net
- saver: ZombieMachoMan
map: TwistedMeadows
- players: 2
- length: 47:27
- speed: Fast
- version: 1.26 W3XP
- replay type: Public
» download(140 KB)
Players
team 1 (loser)
henriquezico (
orange | 64 APM | 3018 actions | 47:26)
5 Warden
1 Fan of Knives
1 Blink
3 Shadow Strike
3 Priestess of the Moon
1 Searing Arrows
2 Trueshot Aura
» actions
| Basic commands | 6 | |
| Build / train | 78 | |
| Enter build submenu | 20 | |
| Enter hero's abilities submenu | 9 | |
| Give item / drop item | 2 | |
| Remove unit from queue | 1 | |
| Right click | 2364 | |
| Select / deselect | 402 | |
| Use ability | 136 | |
3018 total
» units
| Wisp | 28 | |
| Archer | 9 | |
| Huntress | 10 | |
| Glaive Thrower | 2 | |
| Forest Troll Shadow Priest | 1 | |
| Dryad | 2 | |
52 total
» upgrades
| Strength of the Moon | 2 | |
| Strength of the Wild | 2 | |
| Ultravision | 1 | |
| Reinforced Hides | 2 | |
| Improved Bows | 1 | |
| Sentinel | 1 | |
| Vorpal Blades | 1 | |
| Abolish Magic | 1 | |
| Druid of the Claw Training | 1 | |
12 total
» buildings
| Altar of Elders | 1 | |
| Moon Well | 6 | |
| Ancient of War | 2 | |
| Hunter's Hall | 1 | |
| Ancient Protector | 3 | |
| Tree of Ages | 1 | |
| Ancient of Lore | 2 | |
| Ancient of Wind | 1 | |
| Tree of Life | 2 | |
| Tree of Eternity | 1 | |
20 total
» build order
00:04 Altar of Elders
00:09 Moon Well
01:05 Ancient of War
01:30 Moon Well
01:54 Ancient of War
04:04 Moon Well
04:34 Hunter's Hall
05:24 Moon Well
07:48 Ancient Protector
08:24 Tree of Ages
10:45 Moon Well
12:34 Ancient Protector
12:45 Moon Well
13:59 Ancient of Lore
16:24 Ancient of Wind
16:45 Ancient of Lore
18:22 Tree of Life
18:30 Tree of Eternity
20:05 Ancient Protector
22:00 Tree of Life
» items
team 2 (winner)
ZombieMachoMan (
green | 61 APM | 2912 actions | 47:27)
5 Archmage
3 Blizzard
2 Brilliance Aura
5 Blood Mage
3 Flame Strike
2 Siphon Mana
5 Dark Ranger
3 Life Drain
2 Silence
» actions
| Assign group hotkey | 56 | |
| Basic commands | 88 | |
| Build / train | 173 | |
| ESC pressed | 1 | |
| Enter build submenu | 46 | |
| Enter hero's abilities submenu | 15 | |
| Give item / drop item | 15 | |
| Right click | 1172 | |
| Select / deselect | 730 | |
| Select group hotkey | 324 | |
| Use ability | 291 | |
2912 total
» units
| Peasant | 37 | |
| Goblin Shredder | 2 | |
| Sorceress | 5 | |
| Mortar Team | 4 | |
| Goblin Zeppelin | 2 | |
| Dragonhawk Rider | 1 | |
| Flying Machine | 11 | |
62 total
» upgrades
| Masonry | 3 | |
| Gunpowder | 3 | |
| Sorceress Training | 2 | |
| Magic Sentry | 1 | |
| Lumber Harvesting | 2 | |
| Fragmentation Shards | 1 | |
| Armor | 3 | |
| Flare | 1 | |
| Flak Cannons | 1 | |
| Swords | 3 | |
| Cloud | 1 | |
| Storm Hammers | 1 | |
| Plating | 1 | |
23 total
» buildings
| Altar of Kings | 1 | |
| Farm | 8 | |
| Arcane Vault | 3 | |
| Scout Tower | 42 | |
| Lumber Mill | 1 | |
| Arcane Tower | 9 | |
| Town Hall | 5 | |
| Guard Tower | 12 | |
| Keep | 2 | |
| Blacksmith | 1 | |
| Castle | 1 | |
| Arcane Sanctum | 1 | |
| Workshop | 2 | |
| Gryphon Aviary | 3 | |
91 total
» build order
00:09 Altar of Kings
00:26 Farm
00:45 Arcane Vault
01:10 Scout Tower
01:16 Arcane Vault
01:25 Lumber Mill
01:55 Arcane Tower
02:03 Scout Tower
02:07 Farm
02:35 Farm
02:50 Farm
02:54 Scout Tower
03:47 Arcane Tower
04:10 Scout Tower
04:11 Scout Tower
05:09 Scout Tower
05:38 Town Hall
05:50 Scout Tower
05:51 Scout Tower
05:52 Scout Tower
06:10 Scout Tower
06:11 Scout Tower
06:11 Scout Tower
06:19 Farm
06:50 Arcane Tower
06:50 Guard Tower
07:06 Guard Tower
07:18 Arcane Tower
07:23 Guard Tower
07:34 Guard Tower
07:38 Scout Tower
07:39 Scout Tower
08:18 Guard Tower
08:27 Keep
08:28 Keep
09:13 Farm
09:20 Blacksmith
10:58 Farm
11:14 Castle
11:19 Arcane Sanctum
12:02 Arcane Vault
12:06 Scout Tower
12:07 Scout Tower
12:07 Scout Tower
12:08 Scout Tower
12:24 Scout Tower
12:25 Scout Tower
12:26 Scout Tower
12:27 Scout Tower
13:29 Guard Tower
13:37 Guard Tower
13:38 Scout Tower
13:39 Workshop
13:41 Workshop
14:20 Guard Tower
14:22 Guard Tower
23:21 Town Hall
25:07 Gryphon Aviary
25:07 Gryphon Aviary
25:09 Gryphon Aviary
30:06 Town Hall
30:10 Scout Tower
30:11 Scout Tower
30:11 Scout Tower
30:13 Scout Tower
30:13 Scout Tower
30:14 Scout Tower
31:11 Arcane Tower
31:13 Guard Tower
33:01 Scout Tower
33:02 Scout Tower
35:32 Town Hall
35:36 Scout Tower
35:37 Scout Tower
35:38 Scout Tower
35:38 Scout Tower
35:39 Scout Tower
35:40 Scout Tower
36:40 Arcane Tower
36:41 Guard Tower
38:14 Scout Tower
38:41 Arcane Tower
38:53 Guard Tower
39:05 Farm
42:22 Town Hall
42:53 Scout Tower
42:54 Scout Tower
42:54 Scout Tower
43:01 Scout Tower
43:23 Arcane Tower
43:31 Arcane Tower
» items
| Mechanical Critter | 5 | |
| Lesser Clarity Potion | 5 | |
| Scroll of Regeneration | 9 | |
| Boots of Speed | 3 | |
| Periapt of Vitality | 4 | |
| Staff of Teleportation | 3 | |
| Potion of Invisibility | 2 | |
| Scroll of Town Portal | 7 | |
| Potion of Healing | 4 | |
| Ivory Tower | 3 | |
| Staff of Sanctuary | 1 | |
46 total
Chat log
(00:21 / All) henriquezico: again gay
(00:27 / All) ZombieMachoMan: ?
(00:34 / All) henriquezico: again man
(00:38 / All) ZombieMachoMan: no english
(25:52 / All) ZombieMachoMan: LOL
(25:54 / All) ZombieMachoMan: pause rage
(26:22 / All) ZombieMachoMan: you think pausing during battle will make you win?
(26:36 / All) ZombieMachoMan: no more pauses left
(26:37 / All) ZombieMachoMan: :D
(26:38 / All) ZombieMachoMan: leave noob
(27:46 / All) ZombieMachoMan: wow
(27:47 / All) ZombieMachoMan: raped
(27:53 / All) ZombieMachoMan: you gonna leave?
(28:07 / All) ZombieMachoMan: i didnt lose a single unit
(28:10 / All) ZombieMachoMan: how does that make you feel?
(28:22 / All) henriquezico: o que voce ta falando
(28:28 / All) ZombieMachoMan: oh, now you go back to portuguese
(28:30 / All) ZombieMachoMan: when you get mad
(28:31 / All) ZombieMachoMan: :D
(28:37 / All) ZombieMachoMan: leave
(29:12 / All) henriquezico: you are very bad
(29:14 / All) henriquezico: hahah
(29:16 / All) ZombieMachoMan: says the guy losing
(29:18 / All) ZombieMachoMan: losing to me
(29:20 / All) ZombieMachoMan: every time
(29:23 / All) ZombieMachoMan: and BADLY
(29:24 / All) henriquezico: just wim
(29:26 / All) ZombieMachoMan: no.
(29:46 / All) ZombieMachoMan: LOL
(29:46 / All) ZombieMachoMan: so bad
(29:52 / All) ZombieMachoMan: god you suck
(29:54 / All) henriquezico: you are very bad
(29:57 / All) ZombieMachoMan: leave
(29:58 / All) henriquezico: hahahahaha
(30:03 / All) ZombieMachoMan: i know youre going to
(30:51 / All) henriquezico: you are very very
(30:55 / All) ZombieMachoMan: sexy?
(31:04 / All) henriquezico: dont speak portuguese
(31:05 / All) ZombieMachoMan: i know :)
(31:09 / All) henriquezico: need learned
(31:13 / All) ZombieMachoMan: why?
(31:15 / All) ZombieMachoMan: brazil sucks
(31:21 / All) ZombieMachoMan: what reason is there to speak portuguese?
(31:22 / All) henriquezico: speak spanish?
(31:26 / All) henriquezico: hahahaha
(31:37 / All) ZombieMachoMan: hey, why dont we tell everyone to go learn swahili
(31:41 / All) ZombieMachoMan: because africa is SO IMPORTANT
(31:49 / All) ZombieMachoMan: oh wait, africa is 3rd world
(31:53 / All) ZombieMachoMan: so is brazil
(32:09 / All) ZombieMachoMan: aids infested countries
(32:13 / All) henriquezico: where you are?
(32:23 / All) ZombieMachoMan: same country as the server youre using, bud
(32:26 / All) henriquezico: where are you?
(32:40 / All) henriquezico: hahahahahaha
(33:04 / All) ZombieMachoMan: why are you still here?
(33:14 / All) henriquezico: hahahhahahahah
(33:21 / All) henriquezico: very very
(33:27 / All) henriquezico: dont
(33:28 / All) ZombieMachoMan: god your english is so bad
(33:45 / All) henriquezico: and your portuguer?
(33:51 / All) henriquezico: hahahah
(33:52 / All) ZombieMachoMan: why should i learn portuguese?
(33:53 / All) henriquezico: god
(33:54 / All) ZombieMachoMan: give me one good reason
(34:13 / All) ZombieMachoMan: why should i learn the language of a 3rd world shithole?
(34:15 / All) henriquezico: muitas rasões
(34:31 / All) henriquezico: hahahah
(34:35 / All) henriquezico: hahahahahahahah
(34:44 / All) henriquezico: muito ruim
(34:55 / All) henriquezico: tem que aprender um pouco mais
(34:59 / All) henriquezico: hahahahha
(35:01 / All) ZombieMachoMan: i like how you talk shit in portuguese
(35:18 / All) ZombieMachoMan: because when you talk in english you lose :)
(35:39 / All) henriquezico: and you franch?
(35:45 / All) ZombieMachoMan: why are you so bad at warcraft?
(36:07 / All) ZombieMachoMan: dude
(36:09 / All) ZombieMachoMan: lag more
(36:12 / All) ZombieMachoMan: shitty 3rd world country
(36:13 / All) ZombieMachoMan: be a crybaby and plugpull
(36:21 / All) ZombieMachoMan: you will disconnect anyway
(36:46 / All) henriquezico: good game man
(36:48 / All) ZombieMachoMan: not really
(36:49 / All) ZombieMachoMan: lol
(36:50 / All) ZombieMachoMan: you suck
(36:51 / All) ZombieMachoMan: now leave
(36:52 / All) henriquezico: wheres from?
(37:43 / All) henriquezico: it isnt beatifull
(37:54 / All) ZombieMachoMan: you enjoy losing?
(38:11 / All) henriquezico: hahahahhahahaha
(38:48 / All) henriquezico: you need more
(38:59 / All) ZombieMachoMan: i always need more
(39:49 / All) henriquezico: gg?
(39:53 / All) ZombieMachoMan: lol
(39:53 / All) ZombieMachoMan: No
(39:55 / All) ZombieMachoMan: just leave
(40:06 / All) henriquezico: what?
(40:10 / All) ZombieMachoMan: leave
(40:12 / All) ZombieMachoMan: Lol
(40:22 / All) henriquezico: pao de lo?
(41:40 / All) henriquezico: lets hava a dinner?
(41:47 / All) ZombieMachoMan: have my cock?
(43:27 / All) ZombieMachoMan: why are you still here
(43:28 / All) ZombieMachoMan: angry?
(44:44 / All) henriquezico: Is it hard win?
(44:48 / All) ZombieMachoMan: LOL
(44:51 / All) ZombieMachoMan: win?
(44:52 / All) henriquezico: i think that
(44:56 / All) ZombieMachoMan: if i wanted to win it would be easy
(45:21 / All) henriquezico: o que que voce disse?
(45:28 / All) ZombieMachoMan: why do you hide behind portuguese
(46:07 / All) henriquezico: vamos jantar? è servido?
(46:12 / All) ZombieMachoMan: hiding
(46:16 / All) ZombieMachoMan: behind portuguese
(46:21 / All) ZombieMachoMan: LOL
(46:22 / All) henriquezico: voce quer deixar o jogo né?
(47:07 / All) henriquezico: hahahaha